 Dungeon Crawl Stone Soup version 0.30-a0-6-g7c9e10e132 (webtiles) character file.

Game seed: 10503160819371281498

28 SensoryNuts the Trooper (level 3, -3/33 HPs)
             Began as a Hill Orc Fighter on Aug 22, 2022.
             Slain by an iron imp (8 damage)
             ... summoned by Natasha
             ... on level 2 of the Dungeon.
             The game lasted 00:01:19 (1096 turns).

SensoryNuts the Trooper (Hill Orc Fighter)          Turns: 1096, Time: 00:01:20

Health: -3/33      AC: 11    Str: 20    XL:     3   Next: 12%
Magic:  3/3        EV:  7    Int:  8    God:
Gold:   92         SH:  8    Dex: 10    Spells: 2/2 levels left

rFire   + . .      SeeInvis .    a - +0 war axe
rCold   . . .      Faith    .    p - +0 kite shield
rNeg    . . .      Spirit   .    b - +0 scale mail
rPois   .          Reflect  .    c - +0 helmet
rElec   .          Harm     .    i - +0 cloak
rCorr   .          Rampage  .    (no gloves)
Will    .....                    (no boots)
Stlth   ..........               (no amulet)
HPRegen 0.11/turn                (no ring)
MPRegen 0.08/turn                (no ring)

@: slowed, very slow
A: hooves 1, iridescent scales 1, fire resistance 1, MP-powered wands
a: no special abilities


You were on level 2 of the Dungeon.
You visited 1 branch of the dungeon, and saw 2 of its levels.

You collected 92 gold pieces.

Inventory:

Hand Weapons
 a - a +0 war axe (weapon)
Armour
 b - a +0 scale mail (worn)
 c - a +0 helmet (worn)
 i - a +0 cloak (worn)
 p - a +0 kite shield (worn)
Jewellery
 e - a +6 ring of dexterity
Scrolls
 f - a scroll of fear {unknown}
 n - 2 scrolls of fog
Potions
 d - a potion of might
 k - 2 potions of heal wounds


   Skills:
 + Level 3.8 Fighting
 * Level 3.7 Axes
 + Level 3.5 Armour
 + Level 3.6 Shields


You had 2 spell levels left.
You didn't know any spells.
Your spell library was empty.

Dungeon Overview and Level Annotations

Branches:
Dungeon (2/15)

Altars:

Annotations:
D:2 Natasha


Innate Abilities, Weirdness & Mutations

You have large cloven feet.
You are partially covered in iridescent scales. (AC +2)
Your flesh is heat resistant. (rF+)
You expend magic power (3 MP) to strengthen your wands.


Message History

You kill the rat!
Natasha stares at you and mumbles some strange words.
You feel yourself slow down.
You see here a rat corpse.
You barely miss Natasha.
Natasha mumbles some strange words.
You block Natasha's attack.
You closely miss Natasha. You barely miss the iron imp. Natasha claws you.
Natasha claws you but does no damage. The iron imp hits you!
Natasha barely misses you.
You miss Natasha. You hit the iron imp but do no damage.
You block the iron imp's attack. Natasha completely misses you.
The iron imp hits you. Natasha claws you.
You are too injured to fight recklessly!
You are too injured to fight recklessly!
You are too injured to fight recklessly!
You are too injured to fight recklessly!
You are too injured to fight recklessly!
There are monsters nearby!
There are monsters nearby!
Unknown command.
You are too injured to fight recklessly!
You are too injured to fight recklessly!
You hit Natasha but do no damage. You barely miss the iron imp.
Natasha claws you but does no damage. The iron imp hits you.
You block Natasha's attack. You block the iron imp's attack.
You barely miss Natasha. You closely miss the iron imp.
You block Natasha's attack. You block the iron imp's attack.
Natasha casts a spell at you.
The magic dart hits you but does no damage.
The iron imp hits you.
* * * LOW HITPOINT WARNING * * *
Unknown command.
You completely miss Natasha. Your kick misses Natasha.
You barely miss the iron imp.
Natasha mewls in sadness.
Natasha claws you.
* * * LOW HITPOINT WARNING * * *
You block Natasha's attack. The iron imp hits you!
You die...

####### ### #####
... .. .... ...#
..... .....##.#
#.#. #....... #...
#.#.##.# #.##.#h##
#.#.##.# ......5@#
#.#.##.. .###..#.#
#.#.#### #.
#.#########>#.# #
#
#!.....(.##.#.####
#..#####.##.......
#..# #.........)
#### #.#.#.......
#.###.#..#### #.#
##...# #


You could see an iron imp (summoned) and Natasha.

Vanquished Creatures
  A dart slug (D:1)
  A worm (D:2)
  2 bats (D:1)
  2 endoplasms
  A giant cockroach (D:1)
  3 goblins (D:1)
  A hobgoblin (D:1)
  A kobold (D:2)
  A quokka (D:1)
  4 ball pythons
  5 rats
22 creatures vanquished.

Notes
Turn   | Place    | Note
-------+----------+-------------------------------------------
     0 | D:1      | SensoryNuts the Hill Orc Fighter began the quest for the
                  | Orb.
     0 | D:1      | Reached XP level 1. HP: 19/19 MP: 1/1
   154 | D:1      | Reached XP level 2. HP: 25/27 MP: 2/2
   876 | D:1      | Gained mutation: You are partially covered in iridescent
                  | scales. (AC +2) [potion of mutation]
   876 | D:1      | Gained mutation: Your flesh is heat resistant. (rF+)
                  | [potion of mutation]
   876 | D:1      | Gained mutation: You expend magic power (3 MP) to
                  | strengthen your wands. [potion of mutation]
   876 | D:1      | Gained mutation: You have large cloven feet. [potion of
                  | mutation]
  1002 | D:2      | Reached XP level 3. HP: 33/33 MP: 3/3
  1087 | D:2      | Noticed Natasha
  1096 | D:2      | Slain by an iron imp

Illustrated notes

Levels and vault maps discovered:
D:1:      lemuel_arrival_river_ford, layout_loops_cross, minmay_tromino_v4_c
D:2:      layout_loops_ring, minmay_gold_behind_fungi, uniq_natasha

Skill      XL: |  1  2 |
---------------+-------+-----
Axes           | 3 |  3.7
Fighting       | |  3.8
Armour         | |  3.5
Shields        | |  3.6

Action                   || total
-------------------------++-------
Melee: War axe           ||    57
       Kick              ||     2
  Use: Potion            ||     6
       Scroll            ||     3
Armor: Scale mail        ||    26
Dodge: Dodged            ||    22
Block: Buckler           ||     8
       Kite shield       ||    20

Table legend: (Time is in decaauts)
 A = Elapsed time spent in this place.
 B = Non-inter-level travel time spent in this place.
 C = Inter-level travel time spent in this place.
 D = Time resting spent in this place.
 E = Time spent auto-exploring this place.
 F = Levels seen in this place.
 G = Mean time per level.
                   A        B        C        D        E       F      G
               +--------+--------+--------+--------+--------+-----+--------+
         Total |   1127 |    944 |    183 |     10 |    717 |   2 |  563.5 |
       Dungeon |   1127 |    944 |    183 |     10 |    717 |   2 |  563.5 |
               +--------+--------+--------+--------+--------+-----+--------+

Top non-repeatable levels by time:
     D:1: 961 daAuts
     D:2: 166 daAuts
